River Frogs vs Bears

Created - April 6, 2021 at 19:02

Goals
1 2 3 T
River Frogs 1 1 2 4
Bears 1 3 2 6
Shots
1 2 3 T
River Frogs 13 5 11 29
Bears 10 9 8 27

1st period

1. Bears , Trevor Lewis 22 (Jamie McGinn 21) at 0:55
2. River Frogs , Andrew Gordon 26 (Matt Calvert 23, Shea Theodore 52) at 5:25

Penalties :
No Penalty

2nd period

3. Bears , Jamie McGinn 29 (Trevor Lewis 29) at 1:34
4. River Frogs , Dominik Simon 21 (Roman Josi 26, Shea Theodore 53) at 8:12
5. Bears , Dany Roussin 34 (Gianluca Curcuruto 30) at 11:43
6. Bears , Dany Roussin 35 (William Karlsson 72) at 15:00

Penalties :
Dillon Heatherington (Lou) for Roughing (Minor) at 6:06, Austin Poganski (Her) for Interference (Minor) at 8:20, Matt Calvert (Lou) for Hooking (Minor) at 15:45

3rd period

7. Bears , Gianluca Curcuruto 6 (Mike Hoffman 27, Colton Sceviour 16) at 0:35
8. River Frogs , Emerson Etem 59 (Dominik Simon 32) at 11:45
9. River Frogs , Morgan Rielly 4 (Matt Calvert 24, Phoenix Copley) at 14:23 (PP)
10. Bears , Angelo Esposito 14 (Trevor Lewis 30) at 17:08

Penalties :
Jared Knight (Lou) for Hooking (Minor) at 4:12, Morgan Rielly (Lou) for Hooking (Minor) at 9:14, Colton Sceviour (Her) for Tripping (Minor) at 14:10, Roman Josi (Lou) for High sticking (Minor) at 19:04

Goalie Stats

Phoenix Copley (Lou), 6 saves from 8 shots - (0.750), L, 0-1-0, 25:00 minutes
Eric Comrie (Lou), 15 saves from 19 shots - (0.789), 35:00 minutes
Sergei Kostenko (Her), 25 saves from 29 shots - (0.862), W, 8-12-0, 60:00 minutes

Players Stats for River Frogs

Player Name              G  A  P  +/- PIM S  H  SB GA TA FO     MP     PP MP  PK MP  
------------------------------------------------------------------------------------
Aaron Ness               0  0  0  -1  0   1  1  0  0  0  0/0    19:27   0:55   3:42 
Andrew Gordon            1  0  1  -2  0   2  2  0  0  0  0/0    16:49   1:14   2:41 
Austin Watson            0  0  0   1  0   1  3  0  0  0  0/0    10:28   0:00   1:55 
Beau Starrett            0  0  0   0  0   0  0  0  0  0  0/4     7:56   0:00   0:00 
Bobby Farnham            0  0  0   0  0   0  2  1  0  0  0/0     7:56   0:00   0:00 
David Kolomatis          0  0  0  -1  0   0  0  0  0  0  0/0    12:12   0:00   1:31 
Dillon Heatherington     0  0  0   0  2   2  0  0  0  0  0/0    12:39   0:00   1:52 
Dominik Simon            1  1  2   1  0   2  1  0  0  1  18/28  20:40   0:58   2:08 
Emerson Etem             1  0  1   0  0   11 1  1  2  1  4/6    22:33   1:01   4:12 
Jared Knight             0  0  0  -2  2   0  0  1  0  0  5/9    13:00   0:00   0:00 
Justin Florek            0  0  0  -2  0   0  0  0  0  0  0/2    11:41   1:14   0:07 
Matt Calvert             0  2  2  -2  2   2  1  1  1  0  0/0    16:37   1:11   2:08 
Mitch Marner             0  0  0   0  0   2  0  0  0  0  1/2    17:01   0:00   0:00 
Morgan Rielly            1  0  1  -1  2   1  0  0  0  0  0/0    21:41   0:55   2:59 
Ondrej Kase              0  0  0  -2  0   1  0  0  0  1  0/0    15:56   0:58   4:31 
Roman Josi               0  1  1  -1  2   1  3  3  0  1  0/0    28:42   1:17   4:00 
Ryan Fitzgerald          0  0  0  -2  0   0  1  0  0  0  2/7    10:20   0:00   0:00 
Shea Theodore            0  2  2  -1  0   3  0  0  0  0  0/0    25:26   1:17   3:38 

Players Stats for Bears

Player Name              G  A  P  +/- PIM S  H  SB GA TA FO     MP     PP MP  PK MP  
------------------------------------------------------------------------------------
Angelo Esposito          1  0  1   2  0   3  1  0  0  0  2/2    15:13   0:00   0:00 
Artturi Lehkonen         0  0  0   0  0   1  0  0  0  0  0/0     4:41   0:00   0:00 
Austin Poganski          0  0  0   1  2   0  3  0  0  1  0/0    19:09   4:12   0:00 
Brayden Point            0  0  0   1  0   2  2  0  1  0  0/5    19:38   4:12   0:28 
Colton Sceviour          0  1  1   0  2   1  3  0  0  1  0/0    20:41   4:30   0:00 
Dany Roussin             2  0  2   0  0   5  2  0  0  0  1/1    21:54   4:32   1:10 
Emil Johansson           0  0  0   1  0   0  0  6  0  0  0/0    20:37   3:35   0:48 
Gianluca Curcuruto       1  1  2   1  0   2  1  1  1  0  0/0    27:06   5:16   1:24 
Jamie McGinn             1  1  2   2  0   3  3  1  0  0  1/1    13:38   0:00   0:34 
Jesper Pettersson        0  0  0   1  0   0  0  1  0  0  0/0    20:37   3:35   0:48 
Mackenze Stewart         0  0  0   1  0   0  0  0  0  0  0/0    12:17   0:00   0:00 
Mike Hoffman             0  1  1   1  0   2  1  2  0  0  0/0    19:25   4:12   0:23 
Mikko Vainonen           0  0  0   1  0   0  0  1  1  1  0/0    27:06   5:16   1:24 
Ryan Graves              0  0  0   1  0   2  1  0  0  0  0/0    12:17   0:00   0:00 
Trevor Lewis             1  2  3   2  0   1  0  1  0  0  7/12   13:40   0:00   0:28 
Vincent Dunn             0  0  0   0  0   1  0  0  0  0  0/0     2:00   0:07   0:00 
William Karlsson         0  1  1  -1  0   3  1  0  1  0  16/36  24:11   4:23   1:15 
Zach Stepan              0  0  0   1  0   1  0  0  0  0  1/1     3:36   0:25   0:06 

3 Stars

1 - Trevor Lewis (Her)
2 - Jamie McGinn (Her)
3 - Dany Roussin (Her)

Power Play

River Frogs - 1 on 2 Attempt(s) - 50.00%
Bears - 0 on 5 Attempt(s) - 0.00%

Penalty Kill

River Frogs - 5 on 5 Attempt(s) - 100.00% - Score 0 goal in Penalty Kill
Bears - 1 on 2 Attempt(s) - 50.00% - Score 0 goal in Penalty Kill

Team Stat

River Frogs - Hits : 15 - Faceoff Wins : 30 - Blocked Shots : 7 - Penalty Minutes : 10
Bears - Hits : 18 - Faceoff Wins : 28 - Blocked Shots : 13 - Penalty Minutes : 4

Official

Referees : Unknown
Linesman : Unknown

Game Notes

Phoenix Copley enters game at 15:00 of 2nd period

Finance

Level 1 -- Attendance: 1426 (71.30%) -- Ticket Income $57,040
Level 2 -- Attendance: 619 (61.90%) -- Ticket Income $12,380
Total Attendance: 2045 (68.17%)
Total Ticket Income: $69,420
Other Income: $3,471
Total Income: $72,891

River Frogs

5 vs 5 Forward 
   Center                   Left Wing                Right Wing               Time % Phy DF OF 
 1 Dominik Simon            Emerson Etem             Mitch Marner             40     1   2  2  
 2 Jared Knight             Matt Calvert             Andrew Gordon            30     1   2  2  
 3 Ryan Fitzgerald          Justin Florek            Ondrej Kase              20     1   2  2  
 4 Beau Starrett            Austin Watson            Bobby Farnham            10     1   2  2  

5 vs 5 Defense 
   Defense                  Defense                                           Time % Phy DF OF 
 1 Roman Josi               Shea Theodore                                     40     1   2  2  
 2 Morgan Rielly            Aaron Ness                                        30     1   2  2  
 3 David Kolomatis          Dillon Heatherington                              20     1   2  2  
 4 Morgan Rielly            Roman Josi                                        10     1   2  2  

PowerPlay Forward 
   Center                   Left Wing                Right Wing               Time % Phy DF OF 
 1 Justin Florek            Emerson Etem             Andrew Gordon            60     1   2  2  
 2 Dominik Simon            Matt Calvert             Ondrej Kase              40     1   2  2  

PowerPlay Defense
   Defense                  Defense                                           Time % Phy DF OF 
 1 Roman Josi               Shea Theodore                                     60     1   2  2  
 2 Morgan Rielly            Aaron Ness                                        40     1   2  2  

Penalty Kill 4 Players Forward 
   Center                   Wing                     Time % Phy DF OF 
 1 Emerson Etem             Ondrej Kase              60     1   2  2  
 2 Andrew Gordon            Matt Calvert             40     1   2  2  

Penalty Kill 4 Players Defense
   Defense                  Defense                  Time % Phy DF OF 
 1 Roman Josi               Shea Theodore            60     1   2  2  
 2 Morgan Rielly            Aaron Ness               40     1   2  2  

Penalty Kill - 3 Players Forward 
   Forward                                           Time % Phy DF OF 
 1 Emerson Etem                                      60     1   2  2  
 2 Andrew Gordon                                     40     1   2  2  

Penalty Kill - 3 Players Defense
   Defense                  Defense                  Time % Phy DF OF 
 1 Roman Josi               Shea Theodore            60     1   2  2  
 2 Morgan Rielly            Aaron Ness               40     1   2  2  

4 vs 4 Forward 
   Center                   Wing                     Time % Phy DF OF 
 1 Emerson Etem             Dominik Simon            60     1   2  2  
 2 Andrew Gordon            Matt Calvert             40     1   2  2  

4 vs 4 Defense
   Defense                  Defense                  Time % Phy DF OF 
 1 Roman Josi               Shea Theodore            60     1   2  2  
 2 Morgan Rielly            Aaron Ness               40     1   2  2  

Last Minutes Offensive
   Center                   Left Wing                Right Wing               Defense                  Defense                  
   Matt Calvert             Emerson Etem             Andrew Gordon            Roman Josi               Shea Theodore            

Last Minutes Defensive
   Center                   Left Wing                Right Wing               Defense                  Defense                  
   Matt Calvert             Emerson Etem             Andrew Gordon            Roman Josi               Shea Theodore            

Goaltenders
Starting : Eric Comrie              
Backup : Phoenix Copley           

Extra Forwards
Normal : Emerson Etem, Matt Calvert, Andrew Gordon - PP : Emerson Etem, Matt Calvert - PK : Emerson Etem
Extra Defensemen
Normal : David Kolomatis, Dillon Heatherington, Roman Josi - PP : David Kolomatis - PK : Dillon Heatherington, Roman Josi
Penalty Shots
Emerson Etem, Dominik Simon, Andrew Gordon, Matt Calvert, Justin Florek

Scratches
Joakim Nordstrom (Healthy), Matt Grzelcyk (Healthy), Cameron Hughes (Healthy), Maxim Mamin (Healthy), Francis Perron (Healthy)
Richard Nejezchleb (Healthy)

Bears

5 vs 5 Forward 
   Center                   Left Wing                Right Wing               Time % Phy DF OF 
 1 William Karlsson         Dany Roussin             Colton Sceviour          40     1   2  2  
 2 Brayden Point            Mike Hoffman             Austin Poganski          30     1   2  2  
 3 Trevor Lewis             Jamie McGinn             Angelo Esposito          20     1   2  2  
 4 Angelo Esposito          Artturi Lehkonen         William Karlsson         10     1   2  2  

5 vs 5 Defense 
   Defense                  Defense                                           Time % Phy DF OF 
 1 Mikko Vainonen           Gianluca Curcuruto                                40     1   2  2  
 2 Emil Johansson           Jesper Pettersson                                 30     1   2  2  
 3 Ryan Graves              Mackenze Stewart                                  20     1   2  2  
 4 Mikko Vainonen           Gianluca Curcuruto                                10     1   2  2  

PowerPlay Forward 
   Center                   Left Wing                Right Wing               Time % Phy DF OF 
 1 William Karlsson         Dany Roussin             Colton Sceviour          60     1   2  2  
 2 Brayden Point            Mike Hoffman             Austin Poganski          40     1   2  2  

PowerPlay Defense
   Defense                  Defense                                           Time % Phy DF OF 
 1 Mikko Vainonen           Gianluca Curcuruto                                60     1   2  2  
 2 Emil Johansson           Jesper Pettersson                                 40     1   2  2  

Penalty Kill 4 Players Forward 
   Center                   Wing                     Time % Phy DF OF 
 1 William Karlsson         Dany Roussin             60     1   2  2  
 2 Brayden Point            Trevor Lewis             40     1   2  2  

Penalty Kill 4 Players Defense
   Defense                  Defense                  Time % Phy DF OF 
 1 Mikko Vainonen           Gianluca Curcuruto       60     1   2  2  
 2 Emil Johansson           Jesper Pettersson        40     1   2  2  

Penalty Kill - 3 Players Forward 
   Forward                                           Time % Phy DF OF 
 1 William Karlsson                                  60     1   2  2  
 2 Dany Roussin                                      40     1   2  2  

Penalty Kill - 3 Players Defense
   Defense                  Defense                  Time % Phy DF OF 
 1 Mikko Vainonen           Gianluca Curcuruto       60     1   2  2  
 2 Emil Johansson           Jesper Pettersson        40     1   2  2  

4 vs 4 Forward 
   Center                   Wing                     Time % Phy DF OF 
 1 William Karlsson         Dany Roussin             60     1   2  2  
 2 Brayden Point            Trevor Lewis             40     1   2  2  

4 vs 4 Defense
   Defense                  Defense                  Time % Phy DF OF 
 1 Mikko Vainonen           Gianluca Curcuruto       60     1   2  2  
 2 Emil Johansson           Jesper Pettersson        40     1   2  2  

Last Minutes Offensive
   Center                   Left Wing                Right Wing               Defense                  Defense                  
   William Karlsson         Dany Roussin             Colton Sceviour          Mikko Vainonen           Gianluca Curcuruto       

Last Minutes Defensive
   Center                   Left Wing                Right Wing               Defense                  Defense                  
   William Karlsson         Dany Roussin             Colton Sceviour          Mikko Vainonen           Gianluca Curcuruto       

Goaltenders
Starting : Sergei Kostenko          
Backup : Niklas Treutle           

Extra Forwards
Normal : Zach Stepan, Vincent Dunn, Jamie McGinn - PP : Zach Stepan, Vincent Dunn - PK : Jamie McGinn
Extra Defensemen
Normal : Ryan Graves, Mackenze Stewart, Emil Johansson - PP : Ryan Graves - PK : Mackenze Stewart, Emil Johansson
Penalty Shots
William Karlsson, Dany Roussin, Brayden Point, Trevor Lewis, Mike Hoffman

Scratches
Jakob Lilja (Healthy), Colby Cave (Healthy), Brock McGinn (Left Knee Injury), Nikolay Prokhorkin (Healthy), Jarrod Maidens (Healthy)
Artur Gavrus (Healthy), Hugo Fagerblom (Healthy)

% Time on Ice - River Frogs

Lines # - Real PCT - Wanted PCT - Time Play
Normal Forward
1 - 37% - 40% - 17:57
2 - 26% - 30% - 12:44
3 - 21% - 20% - 10:20
4 - 16% - 10% - 7:56
Normal Defense
1 - 42% - 40% - 20:31
2 - 31% - 30% - 15:01
3 - 21% - 20% - 10:30
4 - 6% - 10% - 2:55
PP Forward
1 - 56% - 60% - 1:14
2 - 44% - 40% - 0:58
PP Defense
1 - 58% - 60% - 1:17
2 - 42% - 40% - 0:55
PK Forward
1 - 70% - 60% - 6:10
2 - 30% - 40% - 2:41
PK Defense
1 - 49% - 60% - 4:22
2 - 51% - 40% - 4:29
PK3 Forward
1 - 0% - 60%
2 - 0% - 40%
PK3 Defense
1 - 0% - 60%
2 - 0% - 40%
44 Forward
1 - 0% - 60%
2 - 0% - 40%
44 Defense
1 - 0% - 60%
2 - 0% - 40%
Last Minute Offensive  - 0:00
Last Minute Defensive  - 0:00
Total
Forward - 60:00
Defense - 60:00

% Time on Ice - Bears

Lines # - Real PCT - Wanted PCT - Time Play
Normal Forward
1 - 33% - 40% - 16:14
2 - 31% - 30% - 14:58
3 - 27% - 20% - 13:04
4 - 10% - 10% - 4:41
Normal Defense
1 - 38% - 40% - 18:43
2 - 33% - 30% - 16:14
3 - 25% - 20% - 12:17
4 - 4% - 10% - 1:43
PP Forward
1 - 53% - 60% - 4:39
2 - 47% - 40% - 4:12
PP Defense
1 - 60% - 60% - 5:16
2 - 40% - 40% - 3:35
PK Forward
1 - 79% - 60% - 1:44
2 - 21% - 40% - 0:28
PK Defense
1 - 64% - 60% - 1:24
2 - 36% - 40% - 0:48
PK3 Forward
1 - 0% - 60%
2 - 0% - 40%
PK3 Defense
1 - 0% - 60%
2 - 0% - 40%
44 Forward
1 - 0% - 60%
2 - 0% - 40%
44 Defense
1 - 0% - 60%
2 - 0% - 40%
Last Minute Offensive  - 0:00
Last Minute Defensive  - 0:00
Total
Forward - 60:00
Defense - 60:00

Play-by-Play

1st period


0:01 of 1st period - Dominik Simon wins face-off versus William Karlsson in neutral zone.
0:23 of 1st period - Icing by Shea Theodore.
0:24 of 1st period - Dominik Simon wins face-off versus Brayden Point in River Frogs zone.
0:31 of 1st period - Snap shot by Brayden Point.
0:31 of 1st period - Stopped by Eric Comrie with a rebound.
0:33 of 1st period - Slapshot by Emil Johansson.
0:33 of 1st period - Shot Blocked by Jared Knight.
0:35 of 1st period - Slapshot by Emil Johansson.
0:35 of 1st period - Deflect By Brayden Point.
0:35 of 1st period - Stopped by Eric Comrie with a rebound.
0:37 of 1st period - Snap shot by Mike Hoffman.
0:37 of 1st period - Stopped by Eric Comrie with a rebound.
0:39 of 1st period - Wrist shot by Brayden Point.
0:39 of 1st period - Shot Misses the Net.
0:55 of 1st period - Snap shot by Trevor Lewis.
0:55 of 1st period - Goal by Trevor Lewis - River Frogs : 0 - Bears : 1.
0:56 of 1st period - Angelo Esposito wins face-off versus Beau Starrett in neutral zone.
1:21 of 1st period - Gianluca Curcuruto is hit by Aaron Ness and loses puck.
1:38 of 1st period - Dillon Heatherington is hit by Angelo Esposito and loses puck.
1:47 of 1st period - Snap shot by Angelo Esposito.
1:47 of 1st period - Stopped by Eric Comrie without a rebound.
1:48 of 1st period - Dominik Simon wins face-off versus Brayden Point in River Frogs zone.
1:48 of 1st period - Dominik Simon is hit by Ryan Graves.
2:02 of 1st period - Snap shot by Mike Hoffman.
2:02 of 1st period - Stopped by Eric Comrie with a rebound.
2:04 of 1st period - Snap shot by Ryan Graves.
2:04 of 1st period - Deflect By Mike Hoffman.
2:04 of 1st period - Shot Misses the Net.
2:04 of 1st period - Puck is out of play.
2:05 of 1st period - Jared Knight wins face-off versus William Karlsson in River Frogs zone.
2:24 of 1st period - Wrist shot by Emerson Etem.
2:24 of 1st period - Stopped by Sergei Kostenko with a rebound.
2:26 of 1st period - Wrist shot by Dominik Simon.
2:26 of 1st period - Shot Blocked by Mike Hoffman.
2:28 of 1st period - Slapshot by Emerson Etem.
2:28 of 1st period - Shot Hit the Post.
2:30 of 1st period - Snap shot by Mitch Marner.
2:30 of 1st period - Shot Blocked by Emil Johansson.
2:32 of 1st period - Wrist shot by Mitch Marner.
2:32 of 1st period - Shot Blocked by Emil Johansson.
2:34 of 1st period - Slapshot by Dillon Heatherington.
2:34 of 1st period - Stopped by Sergei Kostenko with a rebound.
3:08 of 1st period - Wrist shot by Dany Roussin.
3:08 of 1st period - Shot Misses the Net.
4:43 of 1st period - Slapshot by Emerson Etem.
4:43 of 1st period - Shot Misses the Net.
5:06 of 1st period - Bobby Farnham is hit by Austin Poganski and loses puck.
5:25 of 1st period - Wrist shot by Andrew Gordon.
5:25 of 1st period - Goal by Andrew Gordon - River Frogs : 1 - Bears : 1.
5:26 of 1st period - Mitch Marner wins face-off versus William Karlsson in neutral zone.
5:41 of 1st period - Wrist shot by Emerson Etem.
5:41 of 1st period - Shot Misses the Net.
6:12 of 1st period - Snap shot by Dany Roussin.
6:12 of 1st period - Shot Blocked by Matt Calvert.
6:34 of 1st period - Austin Watson is hit by Mike Hoffman and loses puck.
7:06 of 1st period - Snap shot by Dominik Simon.
7:06 of 1st period - Shot Blocked by Trevor Lewis.
8:07 of 1st period - Slapshot by Shea Theodore.
8:07 of 1st period - Stopped by Sergei Kostenko with a rebound.
8:09 of 1st period - Snap shot by Austin Watson.
8:09 of 1st period - Stopped by Sergei Kostenko without a rebound.
8:10 of 1st period - Zach Stepan wins face-off versus Beau Starrett in Bears zone.
8:10 of 1st period - Zach Stepan is hit by Bobby Farnham.
9:01 of 1st period - Snap shot by Artturi Lehkonen.
9:01 of 1st period - Shot Misses the Net.
9:03 of 1st period - Slapshot by Vincent Dunn.
9:03 of 1st period - Shot Misses the Net.
9:05 of 1st period - Snap shot by Vincent Dunn.
9:05 of 1st period - Stopped by Eric Comrie with a rebound.
9:07 of 1st period - Wrist shot by Vincent Dunn.
9:07 of 1st period - Shot Misses the Net.
9:09 of 1st period - Wrist shot by Zach Stepan.
9:09 of 1st period - Stopped by Eric Comrie with a rebound.
9:11 of 1st period - Wrist shot by Ryan Graves.
9:11 of 1st period - Stopped by Eric Comrie with a rebound.
9:19 of 1st period - Mackenze Stewart is hit by Austin Watson and loses puck.
9:49 of 1st period - Snap shot by Artturi Lehkonen.
9:49 of 1st period - Stopped by Eric Comrie with a rebound.
9:51 of 1st period - Snap shot by Ryan Graves.
9:51 of 1st period - Shot Blocked by Roman Josi.
9:53 of 1st period - Wrist shot by Artturi Lehkonen.
9:53 of 1st period - Deflect By Zach Stepan.
9:53 of 1st period - Shot Misses the Net.
9:53 of 1st period - Puck is out of play.
9:54 of 1st period - Dominik Simon wins face-off versus William Karlsson in River Frogs zone.
10:29 of 1st period - Wrist shot by Matt Calvert.
10:29 of 1st period - Stopped by Sergei Kostenko without a rebound.
10:30 of 1st period - Jared Knight wins face-off versus William Karlsson in Bears zone.
10:35 of 1st period - Slapshot by Matt Calvert.
10:35 of 1st period - Stopped by Sergei Kostenko with a rebound.
10:39 of 1st period - Wrist shot by Matt Calvert.
10:39 of 1st period - Shot Misses the Net.
10:41 of 1st period - Slapshot by Andrew Gordon.
10:41 of 1st period - Stopped by Sergei Kostenko with a rebound.
10:43 of 1st period - Slapshot by David Kolomatis.
10:43 of 1st period - Shot Blocked by Emil Johansson.
10:45 of 1st period - Slapshot by Dillon Heatherington.
10:45 of 1st period - Stopped by Sergei Kostenko with a rebound.
12:23 of 1st period - Roman Josi is hit by Colton Sceviour and loses puck.
12:36 of 1st period - Andrew Gordon is hit by Austin Poganski and loses puck.
13:07 of 1st period - Jamie McGinn is hit by Austin Watson and loses puck.
14:19 of 1st period - Dillon Heatherington is hit by Jamie McGinn and loses puck.
14:50 of 1st period - Wrist shot by Mitch Marner.
14:50 of 1st period - Shot Blocked by Emil Johansson.
15:04 of 1st period - Snap shot by Matt Calvert.
15:04 of 1st period - Shot Misses the Net.
15:06 of 1st period - Wrist shot by Andrew Gordon.
15:06 of 1st period - Shot Blocked by Mike Hoffman.
15:28 of 1st period - Off-side.
15:29 of 1st period - Dominik Simon wins face-off versus Trevor Lewis in neutral zone.
15:32 of 1st period - Slapshot by Dominik Simon.
15:32 of 1st period - Deflect By Emerson Etem.
15:32 of 1st period - Stopped by Sergei Kostenko without a rebound.
15:33 of 1st period - Dominik Simon wins face-off versus Trevor Lewis in Bears zone.
15:34 of 1st period - Slapshot by Emerson Etem.
15:34 of 1st period - Shot Blocked by Jamie McGinn.
15:36 of 1st period - Wrist shot by Emerson Etem.
15:36 of 1st period - Stopped by Sergei Kostenko without a rebound.
15:37 of 1st period - Dominik Simon wins face-off versus Trevor Lewis in Bears zone.
15:46 of 1st period - Wrist shot by Emerson Etem.
15:46 of 1st period - Stopped by Sergei Kostenko without a rebound.
15:47 of 1st period - Dominik Simon wins face-off versus William Karlsson in Bears zone.
17:47 of 1st period - Bobby Farnham is hit by Jamie McGinn and loses puck.
18:22 of 1st period - Wrist shot by Ryan Fitzgerald.
18:22 of 1st period - Shot Misses the Net.
19:00 of 1st period - Snap shot by Emerson Etem.
19:00 of 1st period - Stopped by Sergei Kostenko with a rebound.
19:33 of 1st period - Icing by Roman Josi.
19:34 of 1st period - Trevor Lewis wins face-off versus Ryan Fitzgerald in River Frogs zone.
19:41 of 1st period - Angelo Esposito is hit by Roman Josi and loses puck.
Goals for this period are 1 for River Frogs vs 1 for Bears.
Shots for this period are 13 for River Frogs vs 10 for Bears.

2nd period


0:01 of 2nd period - William Karlsson wins face-off versus Dominik Simon in neutral zone.
0:06 of 2nd period - Wrist shot by Dany Roussin.
0:06 of 2nd period - Stopped by Eric Comrie without a rebound.
0:07 of 2nd period - Dominik Simon wins face-off versus William Karlsson in River Frogs zone.
0:14 of 2nd period - Wrist shot by Dominik Simon.
0:14 of 2nd period - Shot Misses the Net.
0:16 of 2nd period - Snap shot by Dominik Simon.
0:16 of 2nd period - Shot Misses the Net.
0:18 of 2nd period - Wrist shot by Dominik Simon.
0:18 of 2nd period - Shot Misses the Net.
0:20 of 2nd period - Slapshot by Mitch Marner.
0:20 of 2nd period - Stopped by Sergei Kostenko with a rebound.
0:22 of 2nd period - Wrist shot by Emerson Etem.
0:22 of 2nd period - Shot Blocked by Gianluca Curcuruto.
0:42 of 2nd period - Wrist shot by Mike Hoffman.
0:42 of 2nd period - Shot Misses the Net.
1:00 of 2nd period - Snap shot by Ondrej Kase.
1:00 of 2nd period - Stopped by Sergei Kostenko without a rebound.
1:01 of 2nd period - Dominik Simon wins face-off versus William Karlsson in Bears zone.
1:26 of 2nd period - Snap shot by Trevor Lewis.
1:26 of 2nd period - Shot Blocked by Emerson Etem.
1:28 of 2nd period - Slapshot by Gianluca Curcuruto.
1:28 of 2nd period - Stopped by Eric Comrie without a rebound.
1:29 of 2nd period - Trevor Lewis wins face-off versus Jared Knight in River Frogs zone.
1:34 of 2nd period - Slapshot by Jamie McGinn.
1:34 of 2nd period - Goal by Jamie McGinn - River Frogs : 1 - Bears : 2.
1:35 of 2nd period - Dominik Simon wins face-off versus William Karlsson in neutral zone.
1:48 of 2nd period - Snap shot by Emerson Etem.
1:48 of 2nd period - Stopped by Sergei Kostenko with a rebound.
1:50 of 2nd period - Slapshot by Aaron Ness.
1:50 of 2nd period - Stopped by Sergei Kostenko with a rebound.
2:36 of 2nd period - Off-side.
2:37 of 2nd period - Dominik Simon wins face-off versus William Karlsson in neutral zone.
3:54 of 2nd period - Wrist shot by Trevor Lewis.
3:54 of 2nd period - Shot Misses the Net.
3:56 of 2nd period - Snap shot by Trevor Lewis.
3:56 of 2nd period - Shot Misses the Net.
3:58 of 2nd period - Slapshot by Ryan Graves.
3:58 of 2nd period - Stopped by Eric Comrie without a rebound.
3:59 of 2nd period - William Karlsson wins face-off versus Dominik Simon in River Frogs zone.
4:08 of 2nd period - Slapshot by William Karlsson.
4:08 of 2nd period - Stopped by Eric Comrie with a rebound.
4:10 of 2nd period - Snap shot by Colton Sceviour.
4:10 of 2nd period - Stopped by Eric Comrie with a rebound.
4:12 of 2nd period - Slapshot by Mikko Vainonen.
4:12 of 2nd period - Shot Blocked by Roman Josi.
4:24 of 2nd period - Shea Theodore is hit by Austin Poganski and loses puck.
5:42 of 2nd period - Dany Roussin is hit by Austin Watson and loses puck.
5:47 of 2nd period - Slapshot by Aaron Ness.
5:47 of 2nd period - Shot Misses the Net.
5:53 of 2nd period - Wrist shot by Aaron Ness.
5:53 of 2nd period - Shot Misses the Net.
6:06 of 2nd period - Minor Penalty to Dillon Heatherington for Roughing.
6:07 of 2nd period - Emerson Etem wins face-off versus Brayden Point in River Frogs zone.
7:01 of 2nd period - Emil Johansson is hit by Roman Josi.
8:06 of 2nd period - Penalty to Dillon Heatherington is over, Dillon Heatherington is back on ice.
8:12 of 2nd period - Slapshot by Dominik Simon.
8:12 of 2nd period - Goal by Dominik Simon - River Frogs : 2 - Bears : 2.
8:13 of 2nd period - Jared Knight wins face-off versus Brayden Point in neutral zone.
8:18 of 2nd period - Slapshot by Morgan Rielly.
8:18 of 2nd period - Shot Blocked by Emil Johansson.
8:20 of 2nd period - Minor Penalty to Austin Poganski for Interference.
8:21 of 2nd period - William Karlsson wins face-off versus Justin Florek in Bears zone.
10:20 of 2nd period - Penalty to Austin Poganski is over, Austin Poganski is back on ice.
10:35 of 2nd period - Austin Watson is hit by Brayden Point and loses puck.
11:37 of 2nd period - Off-side.
11:38 of 2nd period - Dany Roussin wins face-off versus Dominik Simon in neutral zone.
11:41 of 2nd period - Slapshot by Gianluca Curcuruto.
11:41 of 2nd period - Shot Misses the Net.
11:43 of 2nd period - Snap shot by Dany Roussin.
11:43 of 2nd period - Goal by Dany Roussin - River Frogs : 2 - Bears : 3.
11:44 of 2nd period - William Karlsson wins face-off versus Dominik Simon in neutral zone.
11:47 of 2nd period - Emerson Etem is hit by Gianluca Curcuruto and loses puck.
12:10 of 2nd period - Brayden Point is hit by Andrew Gordon and loses puck.
12:28 of 2nd period - Icing by Jared Knight.
12:29 of 2nd period - Ryan Fitzgerald wins face-off versus Trevor Lewis in River Frogs zone.
12:29 of 2nd period - Ryan Fitzgerald is hit by Jamie McGinn.
12:39 of 2nd period - Wrist shot by Justin Florek.
12:39 of 2nd period - Deflect By Ryan Fitzgerald.
12:39 of 2nd period - Shot Misses the Net.
12:39 of 2nd period - Puck is out of play.
12:40 of 2nd period - Dominik Simon wins face-off versus William Karlsson in Bears zone.
12:43 of 2nd period - Wrist shot by Dominik Simon.
12:43 of 2nd period - Shot Misses the Net.
14:48 of 2nd period - Snap shot by William Karlsson.
14:48 of 2nd period - Stopped by Eric Comrie without a rebound.
14:49 of 2nd period - William Karlsson wins face-off versus Ryan Fitzgerald in River Frogs zone.
15:00 of 2nd period - Wrist shot by Dany Roussin.
15:00 of 2nd period - Goal by Dany Roussin - River Frogs : 2 - Bears : 4.
15:00 of 2nd period - Phoenix Copley enters game.
15:01 of 2nd period - William Karlsson wins face-off versus Dominik Simon in neutral zone.
15:11 of 2nd period - Shea Theodore is hit by Colton Sceviour and loses puck.
15:45 of 2nd period - Minor Penalty to Matt Calvert for Hooking.
15:46 of 2nd period - Emerson Etem wins face-off versus William Karlsson in River Frogs zone.
17:45 of 2nd period - Penalty to Matt Calvert is over, Matt Calvert is back on ice.
17:53 of 2nd period - Gianluca Curcuruto is hit by Roman Josi.
19:00 of 2nd period - Jesper Pettersson is hit by Emerson Etem and loses puck.
19:59 of 2nd period - Icing by Jamie McGinn.
Goals for this period are 1 for River Frogs vs 3 for Bears.
Shots for this period are 5 for River Frogs vs 9 for Bears.

3rd period


0:01 of 3rd period - William Karlsson wins face-off versus Mitch Marner in neutral zone.
0:03 of 3rd period - Off-side.
0:04 of 3rd period - William Karlsson wins face-off versus Dominik Simon in neutral zone.
0:07 of 3rd period - Slapshot by Dany Roussin.
0:07 of 3rd period - Stopped by Phoenix Copley without a rebound.
0:08 of 3rd period - Dominik Simon wins face-off versus William Karlsson in River Frogs zone.
0:35 of 3rd period - Wrist shot by Gianluca Curcuruto.
0:35 of 3rd period - Deflect By Andrew Gordon.
0:35 of 3rd period - Goal by Gianluca Curcuruto - River Frogs : 2 - Bears : 5.
0:36 of 3rd period - Emerson Etem wins face-off versus William Karlsson in neutral zone.
0:49 of 3rd period - Wrist shot by Emerson Etem.
0:49 of 3rd period - Shot Misses the Net.
1:15 of 3rd period - Austin Poganski is hit by Matt Calvert.
2:03 of 3rd period - Austin Poganski is hit by Bobby Farnham.
2:25 of 3rd period - Snap shot by Andrew Gordon.
2:25 of 3rd period - Shot Misses the Net.
3:01 of 3rd period - Morgan Rielly is hit by Dany Roussin and loses puck.
4:12 of 3rd period - Minor Penalty to Jared Knight for Hooking.
4:13 of 3rd period - Emerson Etem wins face-off versus William Karlsson in River Frogs zone.
6:12 of 3rd period - Penalty to Jared Knight is over, Jared Knight is back on ice.
6:16 of 3rd period - Icing by Dominik Simon.
6:17 of 3rd period - Trevor Lewis wins face-off versus Dominik Simon in River Frogs zone.
6:22 of 3rd period - Wrist shot by Jamie McGinn.
6:22 of 3rd period - Stopped by Phoenix Copley without a rebound.
6:23 of 3rd period - Trevor Lewis wins face-off versus Jared Knight in River Frogs zone.
6:47 of 3rd period - Off-side.
6:48 of 3rd period - William Karlsson wins face-off versus Dominik Simon in neutral zone.
7:15 of 3rd period - Andrew Gordon is hit by Brayden Point and loses puck.
7:36 of 3rd period - Off-side.
7:37 of 3rd period - Ryan Fitzgerald wins face-off versus William Karlsson in neutral zone.
7:40 of 3rd period - Slapshot by Shea Theodore.
7:40 of 3rd period - Deflect By Dany Roussin.
7:40 of 3rd period - Stopped by Sergei Kostenko with a rebound.
9:14 of 3rd period - Minor Penalty to Morgan Rielly for Hooking.
9:15 of 3rd period - William Karlsson wins face-off versus Emerson Etem in River Frogs zone.
10:27 of 3rd period - Dany Roussin is hit by Dominik Simon and loses puck.
11:14 of 3rd period - Penalty to Morgan Rielly is over, Morgan Rielly is back on ice.
11:24 of 3rd period - Slapshot by Angelo Esposito.
11:24 of 3rd period - Deflect By David Kolomatis.
11:24 of 3rd period - Shot Misses the Net.
11:24 of 3rd period - Puck is out of play.
11:25 of 3rd period - Trevor Lewis wins face-off versus Beau Starrett in River Frogs zone.
11:26 of 3rd period - Snap shot by Angelo Esposito.
11:26 of 3rd period - Stopped by Phoenix Copley without a rebound.
11:27 of 3rd period - Trevor Lewis wins face-off versus Beau Starrett in River Frogs zone.
11:28 of 3rd period - Snap shot by Angelo Esposito.
11:28 of 3rd period - Shot Blocked by Bobby Farnham.
11:33 of 3rd period - Off-side.
11:34 of 3rd period - Dominik Simon wins face-off versus Trevor Lewis in neutral zone.
11:41 of 3rd period - Backhand shot by Mitch Marner.
11:41 of 3rd period - Stopped by Sergei Kostenko with a rebound.
11:43 of 3rd period - Wrist shot by Emerson Etem.
11:43 of 3rd period - Stopped by Sergei Kostenko without a rebound.
11:44 of 3rd period - Dominik Simon wins face-off versus William Karlsson in Bears zone.
11:45 of 3rd period - Snap shot by Emerson Etem.
11:45 of 3rd period - Goal by Emerson Etem - River Frogs : 3 - Bears : 5.
11:46 of 3rd period - William Karlsson wins face-off versus Dominik Simon in neutral zone.
12:11 of 3rd period - Snap shot by Mike Hoffman.
12:11 of 3rd period - Deflect By Brayden Point.
12:11 of 3rd period - Shot Blocked by Roman Josi.
12:11 of 3rd period - Puck is out of play.
12:12 of 3rd period - Jared Knight wins face-off versus Brayden Point in River Frogs zone.
12:20 of 3rd period - Off-side.
12:21 of 3rd period - William Karlsson wins face-off versus Dominik Simon in neutral zone.
12:26 of 3rd period - Snap shot by Dany Roussin.
12:26 of 3rd period - Stopped by Phoenix Copley without a rebound.
12:27 of 3rd period - Dominik Simon wins face-off versus William Karlsson in River Frogs zone.
13:09 of 3rd period - Icing by Emerson Etem.
13:10 of 3rd period - Dominik Simon wins face-off versus William Karlsson in River Frogs zone.
13:10 of 3rd period - Dominik Simon is hit by William Karlsson.
13:18 of 3rd period - Dominik Simon is hit by Dany Roussin and loses puck.
13:35 of 3rd period - Slapshot by Shea Theodore.
13:35 of 3rd period - Shot Blocked by Emil Johansson.
13:37 of 3rd period - Slapshot by Shea Theodore.
13:37 of 3rd period - Stopped by Sergei Kostenko with a rebound.
14:01 of 3rd period - Snap shot by Emerson Etem.
14:01 of 3rd period - Stopped by Sergei Kostenko with a rebound.
14:03 of 3rd period - Wrist shot by Dominik Simon.
14:03 of 3rd period - Stopped by Sergei Kostenko with a rebound.
14:05 of 3rd period - Wrist shot by Emerson Etem.
14:05 of 3rd period - Shot Misses the Net.
14:07 of 3rd period - Slapshot by Roman Josi.
14:07 of 3rd period - Deflect By Dominik Simon.
14:07 of 3rd period - Shot Blocked by Jesper Pettersson.
14:07 of 3rd period - Puck is out of play.
14:08 of 3rd period - William Karlsson wins face-off versus Jared Knight in Bears zone.
14:10 of 3rd period - Minor Penalty to Colton Sceviour for Tripping.
14:11 of 3rd period - William Karlsson wins face-off versus Justin Florek in Bears zone.
14:23 of 3rd period - Slapshot by Morgan Rielly.
14:23 of 3rd period - Goal by Morgan Rielly - River Frogs : 4 - Bears : 5.
14:24 of 3rd period - Jared Knight wins face-off versus William Karlsson in neutral zone.
14:41 of 3rd period - William Karlsson is hit by Andrew Gordon and loses puck.
14:57 of 3rd period - Snap shot by Mitch Marner.
14:57 of 3rd period - Shot Blocked by Mikko Vainonen.
15:07 of 3rd period - Wrist shot by Emerson Etem.
15:07 of 3rd period - Stopped by Sergei Kostenko without a rebound.
15:08 of 3rd period - Jamie McGinn wins face-off versus Ryan Fitzgerald in Bears zone.
16:21 of 3rd period - Snap shot by William Karlsson.
16:21 of 3rd period - Stopped by Phoenix Copley without a rebound.
16:22 of 3rd period - William Karlsson wins face-off versus Ryan Fitzgerald in River Frogs zone.
16:30 of 3rd period - Shea Theodore is hit by Colton Sceviour and loses puck.
17:06 of 3rd period - Wrist shot by Jamie McGinn.
17:06 of 3rd period - Stopped by Phoenix Copley without a rebound.
17:07 of 3rd period - Trevor Lewis wins face-off versus Jared Knight in River Frogs zone.
17:08 of 3rd period - Snap shot by Angelo Esposito.
17:08 of 3rd period - Goal by Angelo Esposito - River Frogs : 4 - Bears : 6.
17:09 of 3rd period - Angelo Esposito wins face-off versus Ryan Fitzgerald in neutral zone.
17:25 of 3rd period - Slapshot by Roman Josi.
17:25 of 3rd period - Deflect By William Karlsson.
17:25 of 3rd period - Stopped by Sergei Kostenko with a rebound.
17:47 of 3rd period - Wrist shot by Dominik Simon.
17:47 of 3rd period - Deflect By Emerson Etem.
17:47 of 3rd period - Stopped by Sergei Kostenko with a rebound.
18:55 of 3rd period - Trevor Lewis is hit by Ryan Fitzgerald and loses puck.
19:04 of 3rd period - Minor Penalty to Roman Josi for High sticking.
19:05 of 3rd period - William Karlsson wins face-off versus Emerson Etem in River Frogs zone.
Goals for this period are 2 for River Frogs vs 2 for Bears.
Shots for this period are 11 for River Frogs vs 8 for Bears.